Map: Prion Terraces

Players

Phobia

  • Race: Terran Terran
  • League: Grandmaster

Neuro - Winner!

  • Race: Zerg Zerg
  • League: Grandmaster

VOD

Have the link to the VOD?

Description

Time

  • Played on: Jan. 9, 2016, 11:35 p.m.
  • Length: 17:55
Show
View Real Time Build Order
Export as new Build Order

Phobia Terran 

Build Orders: Hellion Opening, Reaper Expand, MMM Bio 

Get SALT Encoding   

  12  0:00  SCV  
  13  0:12  SCV  
  14  0:17  Supply Depot  
  14  0:24  SCV  
  15  0:39  SCV, Barracks  
  16  0:44  Refinery  
  16  0:51  SCV  
  17  1:03  SCV  
  18  1:15  SCV  
  19  1:28  Reaper, Orbital Command  
  20  1:42  Command Center  
  20  1:49  Supply Depot  
  20  1:53  SCV  
  21  2:00  Marine  
  22  2:05  SCV  
  23  2:10  Factory  
  23  2:17  SCV  
  24  2:25  Barracks Reactor  
  24  2:29  SCV  
  25  2:42  SCV  
  25  2:56  SCV  
  26  2:58  Command Center  
  26  2:59  Orbital Command  
  26  3:06  Hellion x2  
  26  3:08  SCV, Refinery  
  26  3:11  Barracks Tech Lab  
  31  3:20  SCV  
  31  3:24  SCV  
  33  3:27  Hellion x2  
  33  3:31  Stimpack  
  37  3:34  SCV  
  37  3:37  SCV  
  39  3:44  Marine  
  39  3:46  Supply Depot, SCV  
  41  3:49  SCV  
  41  3:51  Hellion  
  41  3:53  Hellion  
  46  4:07  SCV, Marine  
  46  4:08  SCV  
  49  4:11  Orbital Command  
  49  4:20  SCV x2  
  49  4:21  Barracks x2  
  49  4:26  Factory Reactor  
  49  4:29  Marine  
  50  4:32  SCV x2  
  52  4:40  SCV, Engineering Bay  
  52  4:41  Engineering Bay  
  52  4:44  SCV  
  54  4:47  Marine  
  54  4:50  Supply Depot, Refinery  
  54  4:51  SCV  
  54  4:52  SCV, Starport  
  57  4:54  Refinery  
  57  4:57  SCV  
  58  5:03  SCV  
  58  5:04  SCV  
  58  5:06  Marine  
  61  5:09  SCV  
  61  5:10  Terran Infantry Weapons Level 1, Terran Infantry Armor Level 1  
  61  5:14  Factory Tech Lab  
  62  5:17  SCV x2  
  62  5:20  Marine x2  
  62  5:21  Supply Depot  
  66  5:22  SCV, Supply Depot  
  66  5:24  Marine x2  
  69  5:29  SCV  
  69  5:31  Starport Reactor  
  69  5:33  Orbital Command  
  69  5:34  Marauder  
  69  5:35  Siege Tank  
  76  5:38  SCV  
  76  5:41  SCV  
  77  5:44  Marine x4  
  81  5:54  Supply Depot  
  81  5:58  Combat Shields  
  81  5:59  Barracks x2  
  81  6:03  Supply Depot x2  
  81  6:07  Marine x4  
  81  6:08  Marauder  
  81  6:10  SCV x2  
  89  6:12  SCV  
  89  6:15  Siege Tank  
  93  6:23  Missile Turret  
  93  6:24  Marine  
  94  6:25  Missile Turret  
  94  6:26  Missile Turret  
  94  6:27  Supply Depot  
  94  6:32  Supply Depot  
  94  6:35  Marine x3  
  94  6:36  Medivac x2  
  94  6:39  SCV x3  
  104  6:40  Refinery  
  104  6:47  Barracks Reactor x2  
  104  6:51  SCV x2  
  104  6:52  SCV  
  105  6:59  Marine x4  
  105  7:00  Siege Tank  
  112  7:03  Command Center  
  112  7:09  Armory  
  112  7:13  Marine  
  112  7:15  Medivac x2  
  117  7:16  Marine  
  117  7:17  Marine x2  
  120  7:24  Marine x5  
  125  7:32  Marauder  
  125  7:34  Marine x2  
  125  7:35  Marine  
  128  7:41  Marine x2  
  128  7:51  Siege Tank, Marine x3  
  130  7:58  Marauder  
  133  7:59  Medivac  
  133  8:00  Medivac  
  122  8:07  Marine x5  
  118  8:15  Marine x3  
  118  8:19  Terran Infantry Weapons Level 2, Marauder  
  123  8:25  Missile Turret, Marine x3  
  126  8:28  Refinery  
  126  8:29  Marine x2  
  126  8:31  Barracks  
  126  8:33  Marine  
  126  8:34  Barracks x2  
  129  8:35  Barracks  
  129  8:41  Marauder  
  130  8:42  Marine x3  
  130  8:43  Medivac x2, Marine  
  130  8:47  Marine x2  
  130  8:48  Siege Tank, Marine  
  136  8:50  Marine  
  135  9:00  Marine x2  
  135  9:02  Marine x3  
  139  9:09  Planetary Fortress  
  140  9:15  Marine x4  
  134  9:18  Marine x2  
  134  9:21  Marauder  
  134  9:23  SCV x3  
  141  9:25  Terran Infantry Armor Level 2  
  141  9:31  Missile Turret  
  141  9:32  Missile Turret  
  141  9:35  SCV x3  
  141  9:36  Marine x4  
  141  9:37  Missile Turret  
  148  9:50  Marine  
  148  10:01  Marine  
  148  10:02  Marine  
  148  10:12  SCV, Marine x6  
  148  10:13  Marine x2  
  148  10:14  Marauder  
  140  10:18  Marine  
  140  10:19  Marine  
  110  10:22  Siege Tank, Medivac x2  
  110  10:27  Command Center  
  115  10:30  Marine x4  
  115  10:31  Marine x2  
  115  10:35  Marauder  
  105  10:36  Marine  
  105  10:37  Marine x2  
  103  10:48  Marine  
  106  10:52  Medivac x2  
  106  10:53  Barracks Tech Lab x2  
  106  10:56  Barracks Reactor, Marauder  
  110  11:02  Marine x7  
  110  11:03  Siege Tank  
  120  11:06  Marine  
  120  11:09  Refinery  
  120  11:10  Refinery, Barracks  
  120  11:11  Barracks, Marine x2  
  121  11:14  Barracks Tech Lab  
  121  11:17  Concussive Shells  
  121  11:18  Marauder  
  125  11:19  Marine  
  125  11:20  Marine x6  
  125  11:23  Marine  
  123  11:28  Medivac x2  
  123  11:29  Marauder, Marine  
  130  11:36  Missile Turret  
  130  11:37  Supply Depot, Marine x3  
  130  11:38  Supply Depot, Terran Infantry Weapons Level 3, Missile Turret, Marine x4  
  130  11:39  Marauder  
  139  11:46  Marine x4  
  143  11:47  Siege Tank, Marauder  
  143  11:51  Marauder  
  148  11:55  Marine x3  
  148  11:59  Terran Infantry Armor Level 3  
  148  12:00  Marauder  
  151  12:01  Terran Vehicle Weapons Level 1  
  151  12:04  Marauder  
  151  12:08  Marine x4  
  148  12:09  Marauder, Marine  
  148  12:12  Barracks Tech Lab, Marauder  
  148  12:13  Barracks Tech Lab  
  152  12:22  Marauder  
  154  12:23  Ghost Academy  
  154  12:26  Marauder  
  156  12:46  Marauder, Marine x8  
  156  12:47  Marauder x5, Marine x2  
  178  13:03  Marine x2  
  178  13:04  Marine x3  
  182  13:07  Orbital Command  
  182  13:08  Orbital Command, Marauder x2  
  182  13:11  Orbital Command  
  186  13:13  Marauder  
  186  13:14  Marauder  
  146  13:24  Marauder x2, Marine x6  
  152  13:40  Planetary Fortress  
  154  13:44  Missile Turret x2  
  154  13:49  Ghost x3  
  154  13:56  Ghost  
  154  13:57  Ghost  
  153  14:10  Marine x5  
  153  14:11  Marine, Marauder  
  153  14:12  Marine  
  155  14:18  Marauder x2  
  155  14:19  Marauder  
  155  14:37  Marauder, Marine x5  
  155  14:38  Marauder x2  
  152  14:42  Marine x4  
  152  14:43  Marauder x2, Marine  
  152  14:44  Marine  
  152  14:45  Medivac x2  
  110  14:54  Marine  
  110  14:55  Marine  
  109  15:19  Marauder x3, Marine x5  
  109  15:20  Marauder x2  
  121  15:40  Marauder, Marine x7  
  121  15:41  Marauder  
  132  15:55  Marine x2  
  132  15:56  Marauder  
  136  16:02  Marine x3  
  136  16:03  Marauder x2, Marine x2  
  145  16:23  Marine x5  
  145  16:24  Marauder x5  
  159  16:53  Marine x5  
  159  16:54  Marauder x4  
  105  17:04  Marine x4  
  105  17:05  Marauder x2  
  102  17:15  Marauder, Marine x3  
  105  17:16  Marauder  
  105  17:20  Medivac  
Show
View Real Time Build Order
Export as new Build Order

Neuro Zerg - Winner!

Build Orders: Hatch First, Muta Ling Bane 

Get SALT Encoding   

  12  0:03  Drone  
  13  0:08  Drone  
  14  0:17  Overlord  
  14  0:25  Drone, Extractor  
  15  0:36  Drone  
  15  0:37  Drone  
  17  0:53  Hatchery  
  17  0:56  Drone  
  17  1:00  Drone  
  18  1:08  Drone  
  19  1:23  Drone  
  20  1:27  Extractor  
  20  1:28  Spawning Pool  
  20  1:30  Drone  
  19  1:42  Drone  
  20  1:51  Overlord  
  20  2:15  Queen x2  
  20  2:16  Zergling x8  
  28  2:23  Drone  
  29  2:30  Extractor  
  29  2:34  Spore Crawler  
  27  2:38  Spore Crawler  
  27  2:42  Drone x3  
  32  2:49  Drone x2  
  34  2:52  Queen  
  34  2:56  Queen, Extractor x2  
  36  3:03  Overlord x2  
  38  3:17  Hatchery  
  37  3:31  Extractor x2  
  37  3:32  Drone x6, Queen  
  43  3:36  Overlord  
  43  3:42  Drone x2  
  44  3:50  Drone x2  
  46  3:58  Drone  
  46  4:00  Queen  
  49  4:08  Drone x5  
  49  4:09  Drone x2  
  56  4:11  Extractor  
  54  4:26  Drone x3  
  54  4:30  Lair  
  57  4:34  Overlord x2  
  57  4:39  Evolution Chamber  
  57  4:40  Evolution Chamber, Baneling Nest  
  57  4:43  Drone x3  
  57  4:54  Metabolic Boost  
  57  4:55  Drone x5  
  62  5:02  Drone x4  
  66  5:22  Zerg Ground Armor Level 1, Zerg Melee Weapons Level 1  
  66  5:29  Drone x2  
  66  5:31  Spore Crawler  
  66  5:33  Drone x3  
  70  5:37  Overlord x2  
  70  5:38  Hatchery  
  70  5:42  Hatchery  
  68  5:47  Drone x6  
  68  5:48  Extractor  
  73  5:53  Overlord, Extractor  
  73  5:54  Overlord, Extractor  
  71  6:00  Centrifical Hooks  
  71  6:04  Drone x4  
  71  6:05  Spire  
  71  6:06  Drone x2  
  71  6:07  Drone  
  76  6:14  Zergling x10  
  81  6:26  Zergling x10  
  90  6:32  Zergling x8  
  90  6:34  Queen  
  90  6:39  Overlord x3  
  92  6:40  Overseer  
  92  6:41  Pneumatized Carapace  
  92  6:48  Baneling  
  92  6:49  Baneling x7  
  92  6:53  Overlord  
  92  6:54  Overlord  
  92  6:58  Queen  
  92  6:59  Queen  
  96  7:02  Overseer  
  96  7:04  Zergling x20  
  96  7:06  Baneling x4  
  96  7:07  Baneling  
  96  7:08  Baneling x2  
  106  7:09  Baneling  
  106  7:10  Baneling x2  
  106  7:11  Baneling  
  106  7:18  Zergling x12  
  112  7:27  Queen  
  112  7:29  Zerg Ground Armor Level 2, Zerg Flyer Armor Level 1  
  114  7:31  Zerg Melee Weapons Level 2  
  111  7:45  Zergling x26  
  115  8:02  Zergling x20  
  115  8:03  Zergling x4  
  119  8:08  Mutalisk  
  119  8:09  Mutalisk x3, Baneling  
  119  8:12  Baneling  
  124  8:13  Mutalisk, Baneling  
  124  8:14  Mutalisk  
  124  8:17  Baneling x5  
  128  8:30  Zergling x14  
  133  8:45  Mutalisk x4  
  116  8:55  Zergling x12  
  116  8:56  Zergling x2  
  116  8:58  Extractor  
  116  9:01  Extractor  
  120  9:04  Infestation Pit  
  120  9:07  Mutalisk  
  121  9:10  Hatchery  
  121  9:11  Overseer  
  120  9:18  Mutalisk x2  
  120  9:20  Zergling x34  
  120  9:23  Zerg Flyer Weapons Level 1  
  139  9:28  Overseer  
  139  9:45  Baneling x4  
  139  9:46  Zergling x4, Baneling x10  
  139  9:47  Overlord x8  
  141  9:57  Baneling x4  
  141  9:58  Baneling x2  
  128  10:18  Zergling x46  
  137  10:23  Zergling x16  
  145  10:34  Mutalisk x5  
  140  10:46  Baneling  
  140  10:47  Baneling x8  
  140  10:48  Mutalisk  
  142  10:51  Zergling x12  
  142  10:57  Hive  
  148  11:01  Drone x3  
  151  11:14  Mutalisk x3  
  157  11:44  Mutalisk x3, Zerg Flyer Armor Level 2  
  157  11:45  Mutalisk x2  
  166  11:58  Mutalisk x2  
  166  12:00  Zergling x8  
  166  12:01  Zergling x32  
  179  12:17  Baneling  
  179  12:18  Baneling x3  
  179  12:23  Zerg Melee Weapons Level 3  
  179  12:25  Baneling x3  
  179  12:26  Baneling x2  
  179  12:29  Drone x5  
  184  12:31  Ultralisk Cavern  
  183  12:39  Zergling x8  
  183  12:40  Zergling x16  
  183  12:41  Baneling x5  
  183  12:42  Baneling x3  
  195  13:02  Overlord  
  195  13:03  Overlord x3  
  195  13:09  Baneling x4  
  195  13:10  Baneling  
  163  13:23  Zergling x16  
  163  13:24  Zergling x24  
  163  13:25  Baneling x2  
  163  13:26  Baneling x6  
  178  13:30  Chitinous Plating  
  178  13:32  Queen  
  180  13:37  Extractor x2  
  180  13:38  Pathogen Glands  
  178  13:49  Ultralisk x2  
  190  14:09  Ultralisk  
  195  14:13  Adrenal Glands  
  195  14:14  Zerg Ground Armor Level 3  
  195  14:16  Greater Spire  
  180  14:34  Zergling x30  
  167  14:43  Zergling x8  
  167  14:44  Zergling x16  
  147  14:47  Mutalisk  
  147  14:48  Mutalisk  
  149  14:58  Infestor  
  149  14:59  Infestor x3  
  157  15:06  Drone x6  
  163  15:11  Baneling x3  
  163  15:12  Baneling x3  
  159  15:26  Infestor x4  
  167  15:31  Zerg Flyer Weapons Level 2  
  167  15:52  Ultralisk x2  
  179  16:02  Baneling x7  
  179  16:15  Corruptor x2  
  179  16:16  Hatchery  
  181  16:33  Ultralisk  
  187  16:43  Spore Crawler  
  187  16:45  Spore Crawler  
  153  16:55  Zergling x24  
  153  16:56  Zergling x6  
  155  17:04  Zergling x10  
  151  17:23  Baneling x6  
  151  17:25  Corruptor x2  
  155  17:33  Overseer  
  155  17:38  Extractor  
  155  17:39  Extractor  
Tags
 
Add a new tag
Caveats
  • Supply blocks, unpowered buildings, or Contaminate may cause inaccurate times.
  • Supply counts are checked every 10 seconds.